 Dungeon Crawl Stone Soup version 0.27.0-1-g7a089689b8 (webtiles) character file.

Game seed: 5665179960654107748

8727 Smaepdii the Cleaver (level 11, -3/97 (100) HPs)
             Began as a Deep Dwarf Fighter on Aug 10, 2021.
             Was an Elder of Makhleb.
             Slain by an Executioner (4 damage)
             ... summoned by the player character
             ... on level 10 of the Dungeon.
             The game lasted 00:51:31 (7530 turns).

Smaepdii the Cleaver (Deep Dwarf Fighter)           Turns: 7530, Time: 00:51:32

HP:   -3/97 (100)   AC: 18    Str: 19    XL:     11   Next: 13%
MP:   5/5           EV:  5    Int: 16    God:    Makhleb [****..]
Gold: 486           SH: 16    Dex: 15    Spells: 10/10 levels left

rFire    . . .     SeeInvis .   a - +2 hand axe (flame)
rCold    . . .     Faith    .   c - +0 kite shield
rNeg     . . .     Spirit   .   e - +0 plate armour
rPois    .         Reflect  +   h - +0 helmet
rElec    .         Harm     .   f - +2 cloak
rCorr    .         Rampage  .   (no gloves)
Will     +....                  (no boots)
Stlth    ..........             s - amulet of reflection
HPRegen  0.00/turn              E - +6 ring of intelligence
MPRegen  0.09/turn              y - +4 ring of slaying

@: silenced (expiring), lightly drained
A: damage resistance, heal wounds, sense surroundings 2, no regeneration
a: Heal Wounds, Renounce Religion


You were on level 10 of the Dungeon.
You worshipped Makhleb.
Makhleb was greatly pleased with you.
You visited 2 branches of the dungeon, and saw 11 of its levels.
You also visited: Sewer and Ossuary.

You collected 486 gold pieces.

Inventory:

Hand Weapons
 a - a +2 hand axe of flaming (weapon)
Missiles
 F - 3 throwing nets
Armour
 c - a +0 kite shield (worn)
 e - a +0 plate armour (worn)
 f - a +2 cloak (worn)
 h - a +0 helmet (worn)
 k - a +1 scale mail of fire resistance
Magical Staves
 u - a staff of death
Jewellery
 s - an amulet of reflection (around neck)
 y - a +4 ring of slaying (right hand)
 E - a +6 ring of intelligence (left hand)
Wands
 b - a wand of flame (5)
 j - a wand of paralysis (5)
 n - a wand of iceblast (7)
Scrolls
 q - 7 scrolls of teleportation
 w - a scroll of blinking {unknown}
 A - 2 scrolls of amnesia
 C - 4 scrolls of silence
Potions
 d - 2 potions of lignification
 g - 2 potions of attraction
 i - 4 potions of curing
 l - a potion of cancellation
 m - a potion of magic
 o - a potion of mutation
 p - 2 potions of brilliance
 r - 2 potions of heal wounds
 t - a potion of degeneration {unknown}
 v - 3 potions of haste
 x - a potion of resistance {unknown}
 z - 3 potions of berserk rage {unknown}
 D - a potion of ambrosia {unknown}
 G - 4 potions of flight


   Skills:
 + Level 7.4 Fighting
 * Level 11.6 Axes
 + Level 8.9 Armour
 + Level 8.9 Shields
 - Level 6.0 Invocations


You had 10 spell levels left.
You didn't know any spells.
Your spell library contained the following spells:

 Spells                   Type           Power      Damage    Failure   Level
 Pain                     Necr           0%         1d4       100%        1
 Fulminant Prism          Conj/Hex       0%         3d6       100%        4
 Iskenderun's Mystic Bla  Conj/Tloc      0%         2d3       100%        4
 Agony                    Necr           0%         N/A       100%        5
 Excruciating Wounds      Necr           0%         N/A       100%        5
 Lee's Rapid Deconstruct  Erth           0%         3d5*      100%        5


Dungeon Overview and Level Annotations

Branches:
Dungeon (10/15)            Temple (1/1) D:5             Orc (0/2) D:10
  Sewer (visited)         Ossuary (visited)
   Lair: D:8-11

Altars:
Ashenzari
Cheibriados
Dithmenos
Elyvilon
Fedhas
Gozag
Hepliaklqana
Kikubaaqudgha
Makhleb
Nemelex Xobeh
Okawaru
Qazlal
Ru
Sif Muna
Trog
Uskayaw
Vehumet
Wu Jian
Xom
Yredelemnul
Zin
The Shining One

Shops:
D:4 *!*(:   D:9 *

Annotations:
D:10 Nergalle


Innate Abilities, Weirdness & Mutations

You are resistant to damage.
You can heal yourself by infusing magical energy.
You passively map the area around you.
You do not regenerate.


Message History

You block the Executioner's attack.
The Executioner hits you but does no damage. x2
The Executioner hits you.
* * * LOW HITPOINT WARNING * * *
The Executioner hits you. You block the Executioner's attack.
You block the spectral orc warrior's attack.
The spectral orc warrior closely misses you.
You block the spectral orc warrior's attack.
Your magical essence is drained by the effort!
You feel much better. The Executioner hits you.
* * * LOW HITPOINT WARNING * * *
The Executioner completely misses you. The Executioner hits you. x2
The Executioner hits you but does no damage.
You block the Executioner's attack.
The spectral orc warrior hits you but does no damage.
You block the Executioner's attack.
The Executioner hits you but does no damage.
The Executioner completely misses you.
The spectral orc warrior completely misses you.
The spectral orc warrior hits you with a +0 long sword.
* * * LOW HITPOINT WARNING * * *
The Executioner hits you. You block the Executioner's attack. x2
The spectral orc warrior hits you but does no damage.
You block the spectral orc warrior's attack.
The spectral orc warrior closely misses you.
The Executioner hits you but does no damage. x2
The Executioner hits you.
* * * LOW HITPOINT WARNING * * *
The Executioner hits you.
* * * LOW HITPOINT WARNING * * *
You block the Executioner's attack.
The Executioner hits you but does no damage.
The spectral orc warrior hits you but does no damage.
Nergalle points at the spectral orc warrior and mumbles some strange words.
The spectral orc warrior seems to speed up.
The Executioner hits you!!
* * * LOW HITPOINT WARNING * * *
The Executioner hits you but does no damage. x2
The Executioner hits you.
You die...

.♣........#...8...>...8..#
.'........##............##
♣♣.....>...##...........#
............##......oZ.##
##.....([..###.........#
##.....#.....#..ZZZ....#
####...#####.#..Z.8....#
##[...## #)####1Z.####
......# #....@..## ....###
######### .#..# .#.## ####
#


You could see an Executioner (summoned, fast), Nergalle and 4 spectral orc
warriors.

Vanquished Creatures
  Harold (D:7)
  A two-headed ogre (D:10)
  Pikel (D:4)
  A hornet (D:9)
  Prince Ribbit (D:5)
  Sigmund (D:2)
  A vampire (D:10)
  A shadow (D:10)
  A wraith (D:9)
  2 steam dragons
  Menkaure (D:5)
  Edmund (D:5)
  An acid dragon (D:9)
  2 water moccasins
  A two-headed ogre zombie (D:10)
  A sky beast (D:7)
  6 black bears
  4 orc warriors
  2 ice beasts
  3 ogres
  4 wolves (D:8)
  2 centaurs
  3 phantoms
  Blork the orc (D:5)
  5 kobold brigands
  4 bullfrogs
  A gnoll sergeant (D:5)
  2 scorpions
  A wyvern zombie (D:9)
  A wyvern skeleton (D:5)
  A water moccasin zombie (D:7)
  2 troll zombies (D:10)
  3 killer bees (D:9)
  3 wights (D:9)
  3 electric eels
  4 centaur zombies
  3 bullfrog zombies
  3 human zombies (Ossuary)
  3 jellies
  Crazy Yiuf (D:5)
  An orc priest (D:10)
  A centaur skeleton (D:7)
  An iguana (D:6)
  3 orc wizards
  A killer bee zombie (D:5)
  5 ogre zombies (D:10)
  4 hound zombies
  A howler monkey skeleton (D:7)
  A howler monkey zombie (D:7)
  3 mummies (Ossuary)
  8 gnolls
  8 adders
  3 white imps
  2 worms
  5 adder zombies (Ossuary)
  3 dart slugs (D:1)
  31 orcs
  5 ball pythons
  4 bats
  11 endoplasms
  4 giant cockroaches
  A gnoll zombie (Ossuary)
  5 goblins
  9 hobgoblins
  10 jackals
  A quokka (D:4)
  3 frilled lizards
  4 goblin skeletons (D:10)
  6 goblin zombies
  A hobgoblin skeleton (D:10)
  4 hobgoblin zombies
  2 jackal zombies (Ossuary)
  33 kobolds
  3 kobold zombies (Ossuary)
  An orc skeleton (D:10)
  17 orc zombies
  5 quokka zombies (Ossuary)
  7 rats
  2 rat zombies (Ossuary)
302 creatures vanquished.

Vanquished Creatures (others)
  A hound (D:7)
  A goblin (D:3)
  A kobold (D:7)
  10 fungi
  38 plants
  5 withered plants (D:7)
56 creatures vanquished.

Grand Total: 358 creatures vanquished

Notes
Turn   | Place    | Note
-------+----------+-------------------------------------------
     0 | D:1      | Smaepdii the Deep Dwarf Fighter began the quest for the
                  | Orb.
     0 | D:1      | Reached XP level 1. HP: 20/20 MP: 1/1
   172 | D:1      | Found a faded altar of an unknown god.
   178 | D:1      | Reached XP level 2. HP: 21/27 MP: 2/2
   484 | D:1      | Reached skill level 3 in Axes
   486 | D:1      | Reached XP level 3. HP: 23/33 MP: 3/3
  1122 | D:2      | Reached XP level 4. HP: 18/42 MP: 4/4
  1164 | D:2      | Noticed Sigmund
  1173 | D:2      | Killed Sigmund
  1174 | D:2      | Reached skill level 4 in Axes
  1174 | D:2      | Reached XP level 5. HP: 39/49 MP: 5/5
  1473 | D:3      | Found a radiant altar of Vehumet.
  1661 | D:3      | Found a stormy altar of Qazlal.
  1836 | D:3      | Found a broken altar of Ashenzari.
  2236 | D:4      | Found Ympitea's Weapon Emporium.
  2244 | D:4      | Reached XP level 6. HP: 56/56 MP: 6/6
  2380 | D:4      | Found Xivar's Book Emporium.
  2427 | D:4      | Noticed an ice beast
  2437 | D:4      | Killed an ice beast
  2438 | D:4      | Reached skill level 5 in Axes
  2462 | D:4      | Found Ikoj's Assorted Antiques.
  2464 | D:4      | Found Ostrumesi's Distillery.
  2668 | D:4      | Noticed Pikel
  2685 | D:4      | HP: 1/53 [Pikel (6)]
  2691 | D:4      | HP: 2/48 [lemure[Pikel] (1)]
  2694 | D:4      | Killed Pikel
  2695 | D:4      | Reached skill level 6 in Axes
  2695 | D:4      | Reached skill level 5 in Armour
  2695 | D:4      | Reached skill level 5 in Shields
  2695 | D:4      | Reached XP level 7. HP: 26/66 MP: 6/6
  2700 | D:4      | Found Voefiq's Assorted Antiques.
  2958 | D:5      | Entered Level 5 of the Dungeon
  3037 | D:5      | Found a hide-covered altar of Uskayaw.
  3037 | D:5      | Noticed a +0 spear
  3037 | D:5      | Noticed a +0 spear
  3038 | D:5      | Noticed a +0 falchion
  3039 | D:5      | Noticed a +0 dagger
  3039 | D:5      | Noticed a +0 short sword
  3040 | D:5      | Noticed a +0 falchion
  3040 | D:5      | Noticed a +0 short sword
  3041 | D:5      | Noticed a +0 dagger
  3051 | D:5      | Reached XP level 8. HP: 57/71 MP: 7/7
  3090 | D:5      | Reached skill level 7 in Axes
  3221 | D:5      | Reached skill level 5 in Fighting
  3244 | D:5      | Noticed Edmund
  3245 | D:5      | Noticed Prince Ribbit
  3254 | D:5      | Killed Edmund
  3274 | D:5      | Reached skill level 8 in Axes
  3288 | D:5      | Killed Prince Ribbit
  3299 | D:5      | Found a staircase to the Ecumenical Temple.
  3308 | Temple   | Entered the Ecumenical Temple
  3415 | Temple   | Became a worshipper of Makhleb the Destroyer
  3470 | D:5      | Found a runed translucent door.
  3471 | D:5      | Noticed Crazy Yiuf
  3477 | D:5      | Killed Crazy Yiuf
  3555 | D:5      | Gained mutation: You passively map the area around you.
                  | [Deep Dwarf growth]
  3555 | D:5      | Reached XP level 9. HP: 57/81 MP: 8/8
  3587 | D:5      | Noticed Blork the orc
  3597 | D:5      | Killed Blork the orc
  3665 | D:5      | Found a glowing silver altar of Zin.
  3698 | D:5      | Noticed Menkaure
  3712 | D:5      | Killed Menkaure
  3863 | D:6      | Reached skill level 9 in Axes
  4018 | D:6      | Found a glowing drain.
  4047 | Sewer    | Entered a sewer
  4114 | Sewer    | Reached skill level 1 in Invocations
  4250 | D:6      | Found a sand-covered staircase.
  4255 | Ossuary  | Entered an ossuary
  4271 | Ossuary  | Reached * piety under Makhleb
  4463 | Ossuary  | Reached ** piety under Makhleb
  4653 | D:6      | Found a shimmering blue altar of Sif Muna.
  4853 | D:6      | Reached skill level 10 in Axes
  4952 | D:6      | Reached XP level 10. HP: 78/92 MP: 9/9
  5140 | D:7      | Noticed Harold
  5171 | D:7      | Killed Harold
  5186 | D:7      | Reached *** piety under Makhleb
  5356 | D:7      | Found a blossoming altar of Fedhas.
  5359 | D:7      | Found an ancient bone altar of Kikubaaqudgha.
  5929 | D:8      | Reached skill level 5 in Invocations
  6048 | D:8      | Noticed a deep elf pyromancer
  6138 | D:9      | Reached skill level 11 in Axes
  6166 | D:9      | Found Depag's Demolitions Depot.
  6363 | D:9      | HP: 2/93 [acid (11)]
  6892 | D:9      | Found a hazy altar of Hepliaklqana.
  6998 | D:10     | Entered Level 10 of the Dungeon
  7015 | D:9      | Paralysed by a hornet for 3 turns
  7024 | D:9      | Reached **** piety under Makhleb
  7033 | D:10     | Noticed a gargoyle
  7051 | D:10     | Noticed a two-headed ogre
  7064 | D:10     | Killed a two-headed ogre
  7065 | D:10     | Reached XP level 11. HP: 31/100 MP: 8/8
  7096 | D:10     | Found a bloodstained altar of Trog.
  7097 | D:10     | Found an ornate altar of the Wu Jian Council.
  7304 | D:10     | Found an opulent altar of Gozag.
  7400 | D:10     | Found a staircase to the Orcish Mines.
  7477 | D:10     | Reached ***** piety under Makhleb
  7497 | D:10     | Noticed Nergalle
  7501 | D:10     | Noticed an Executioner
  7507 | D:10     | HP: 4/98 [Executioner[the player character] (2)]
  7529 | D:10     | HP: 1/97 [Executioner[the player character] (17)]
  7530 | D:10     | Slain by an Executioner

Illustrated notes

Levels and vault maps discovered:
D:1:      sevenhm_arrival_forest_fort_small_6, layout_basic,
          dreamdust_ecumenical_altar_statues
D:2:      layout_basic, uniq_sigmund
D:3:      layout_basic, mainiacjoe_overflow_catwalk, grunt_qazlal_sundering,
          fiery_altar_vehumet, nrook_mini_backslash
D:4:      layout_basic, serial_shops, nicolae_shop_statue_plus, shop,
          nicolae_stop_n_shop_2, shop, shop, uniq_pikel
D:5:      layout_basic, nicolae_uskayaw_en_pointe, kennysheep_little_box,
          minmay_temple_entry_hall, minmay_holes, amethyst_killhole,
          uniq_prince_ribbit1, uniq_edmund, uniq_blork_the_orc,
          uniq_crazy_yiuf_cottage, uniq_menkaure
D:6:      kennysheep_steamy, layout_rooms, tgw_sif, enter_ossuary_2,
          cheibrodos_sewer_entry_drain, minivault_19,
          corexii_item_surrounded_by_moat
D:7:      layout_rooms, grunt_temple_overflow_growth_and_decay,
          serial_bayou_lake_a, uniq_harold
D:8:      layout_rooms, minmay_misc_feat_nine_boxes, lightli_corner_chamber,
          uniq_grum
D:9:      layout_irregular_city, worldfamousw_hep_ancestral_shrine,
          serial_column_ruins, column_ruins_hut, column_ruins_open_tiny,
          column_ruins_open_tiny, column_ruins_columns_dead_end,
          column_ruins_open_tiny, column_ruins_open_small, nicolae_blasting_shop
D:10:     layout_cave_pools, mainiacjoe_overflow_six_doors_small, minitemple,
          zombieorc2_lemuel, serial_bayou, serial_bayou_lagoon_a,
          serial_bayou_pond_d, serial_bayou_shore_b, serial_bayou_pond_a,
          uniq_nergalle
Temple:   compressed_dpeg_circular_temple

Skill      XL: |  1  2  3  4  5  6  7  8  9 10 11 |
---------------+----------------------------------+-----
Axes           | 3 4 6 8 10 11 | 11.6
Fighting       | 3 4 5 6 7 |  7.4
Armour         | 4 5 6 7 8 |  8.9
Shields        | 4 5 6 7 8 |  8.9
Invocations    | 3 5 6 |  6.0

Action                   |  1- 3 |  4- 6 |  7- 9 | 10-12 || total
-------------------------+-------+-------+-------+-------++-------
Melee: War axe           |    95 |    13 |       |       ||   108
       Scythe            |       |   135 |   412 |   117 ||   664
       Hand axe          |       |       |       |   370 ||   370
Invok: Minor Destruction |       |       |       |     2 ||     2
       Greater Servant o |       |       |       |     1 ||     1
 Abil: Heal Wounds       |       |     3 |     4 |    31 ||    38
Evoke: Wand              |       |       |     2 |       ||     2
  Use: Potion            |       |     1 |       |     1 ||     2
       Scroll            |       |     9 |     4 |     7 ||    20
 Stab: Paralysed         |       |       |     3 |       ||     3
Armor: Scale mail        |    30 |   125 |   380 |    93 ||   628
       Plate armour      |       |       |       |   192 ||   192
Dodge: Dodged            |    23 |   117 |   274 |   143 ||   557
Block: Kite shield       |    44 |     8 |       |   364 ||   416
       Other             |       |    49 |   164 |    27 ||   240
       Reflection        |       |     1 |     3 |    13 ||    17
